 Dungeon Crawl Stone Soup version 0.28.0-45-g0d030f2227 (webtiles) character file.

Game seed: 15221973556740429026

371 raph the Spear-Bearer (level 6, 0/44 HPs)
             Began as a Merfolk Gladiator on May 5, 2022.
             Slain by an orc warrior
             ... wielding a +0 dire flail
              (9 damage)
             ... on level 5 of the Dungeon.
             The game lasted 00:05:23 (4397 turns).

raph the Spear-Bearer (Merfolk Gladiator)           Turns: 4397, Time: 00:05:23

Health: 0/44       AC:  7    Str: 14    XL:     6   Next: 71%
Magic:  6/6        EV: 12    Int:  8    God:
Gold:   52         SH:  0    Dex: 17    Spells: 5/5 levels left

rFire   . . .      SeeInvis .   a - +1 trident (venom)
rCold   . . .      Faith    .   (no shield)
rNeg    . . .      Spirit   .   g - +0 ring mail
rPois   .          Reflect  .   c - +0 helmet
rElec   .          Harm     .   (no cloak)
rCorr   .          Rampage  .   (no gloves)
Will    .....                   h - +0 pair of boots
Stlth   ..........              (no amulet)
HPRegen 0.14/turn               (no ring)
MPRegen 0.10/turn               (no ring)

@: confused, ambrosia-drunk
A: (nimble swimmer 2), mertail
a: no special abilities


You were on level 5 of the Dungeon.
You visited 1 branch of the dungeon, and saw 5 of its levels.

You collected 148 gold pieces.
You spent 96 gold pieces at shops.

Inventory:

Hand Weapons
 a - a +1 trident of venom (weapon)
 f - a +1 trident
Armour
 c - a +0 helmet (worn)
 g - a +0 ring mail (worn)
 h - a +0 pair of boots (worn)
Jewellery
 b - a ring of protection from cold
 p - a ring of poison resistance
Scrolls
 e - 3 scrolls of magic mapping
 m - a scroll of enchant armour {unknown}
 o - a scroll of enchant weapon
Potions
 i - a potion of lignification
 j - 2 potions of attraction
 k - a potion of heal wounds {unknown}
 l - a potion of ambrosia
 n - a potion of mutation {unknown}
 q - a potion of curing


   Skills:
 - Level 2.1 Fighting
 + Level 10.5 Polearms
 - Level 2.0 Throwing
 - Level 4.0 Dodging


You had 5 spell levels left.
You didn't know any spells.
Your spell library contained the following spells:

 Spells                   Type           Power      Damage    Failure   Level
 Conjure Flame            Conj/Fire      0%         6-21      95%         3
 Ignite Poison            Fire/Tmut/Pois 0%         N/A       95%         3
 Sticky Flame             Conj/Fire      0%         2d3       100%        4


Dungeon Overview and Level Annotations

Branches:
Dungeon (5/15)
 Temple: D:4-7

Altars:

Shops:
D:2 *   D:5 !

Annotations:
D:3 3 runed translucent doors, JhonaSan2K's ghost, weakling DsGl


Innate Abilities, Weirdness & Mutations

((You are very nimble when in or above water. (Stealth+, EV+, Speed+++)))
Your lower body shifts to a powerful aquatic tail in water.


Message History

You feel sick.
You reach to attack!
You hit the orc warrior.
The orc warrior is poisoned.
The orc warrior is lightly wounded.
The orc warrior throws a stone.
The stone barely misses you.
You reach to attack!
You hit the orc warrior but do no damage.
The orc warrior is lightly wounded.
You feel sick.
You reach to attack!
You hit the orc warrior but do no damage.
The orc warrior is lightly wounded.
You feel sick.
You hit the orc warrior but do no damage.
The orc warrior looks as sick as possible!
You punch the orc warrior, but do no damage.
The orc warrior is moderately wounded.
You feel sick. The orc warrior barely misses you.
You are too injured to fight recklessly!
You are too injured to fight recklessly!
You feel sick.
You are no longer poisoned.
The orc warrior throws a stone.
The stone hits you.
The orc warrior throws a stone.
The stone barely misses you.
A hound comes into view.
You hit the orc warrior.
The orc warrior looks as sick as possible!
The orc warrior is heavily wounded.
The orc warrior hits you with a +0 dire flail!
* * * LOW HITPOINT WARNING * * *
You barely miss the orc warrior. Your punch misses the orc warrior.
The orc warrior is severely wounded.
You closely miss the orc warrior.
The orc warrior is severely wounded.
The orc warrior closely misses you.
Okay, then.
It was a potion of ambrosia.
You are confused.
You feel invigorated.
The orc warrior hits you with a +0 dire flail!
You die...

#.#.# #...#
###.# ##'##
##..†##
##.....##
##......h##
#......o..#
+.......@.+
#.........#
##.......##
##.....##
##...##
##+##


You could see an orc warrior (extremely poisoned) and a hound.

Vanquished Creatures
  A water moccasin skeleton (D:4)
  2 killer bees (D:5)
  A bullfrog skeleton (D:5)
  An orc priest (D:3)
  2 iguanas
  2 hound skeletons (D:5)
  An adder (D:3)
  An ufetubus (D:3)
  4 worms
  8 orcs
  5 bats
  4 endoplasms
  2 giant cockroaches (D:1)
  5 goblins
  6 hobgoblins
  7 jackals (D:2)
  4 kobolds
  8 ball pythons
  3 frilled lizards (D:1)
  3 rats
70 creatures vanquished.

Notes
Turn   | Place    | Note
-------+----------+-------------------------------------------
     0 | D:1      | raph the Merfolk Gladiator began the quest for the Orb.
     0 | D:1      | Reached XP level 1. HP: 16/16 MP: 1/1
    78 | D:1      | Reached skill level 5 in Polearms
   110 | D:1      | Reached XP level 2. HP: 20/22 MP: 2/2
   867 | D:2      | Reached skill level 6 in Polearms
   867 | D:2      | Reached XP level 3. HP: 6/27 MP: 3/3
  1391 | D:2      | Found a faded altar of an unknown god.
  1557 | D:2      | Found Onnyu's Assorted Antiques.
  1783 | D:2      | Bought a scroll labelled TIESTR POUFICI for 27 gold pieces
  1783 | D:2      | Bought a fuming silvery potion for 24 gold pieces
  1953 | D:2      | HP: 1/27 [poisoned by an orc]
  2267 | D:3      | Reached skill level 7 in Polearms
  2267 | D:3      | Reached XP level 4. HP: 17/33 MP: 4/4
  2876 | D:3      | Found a runed translucent gate.
  2876 | D:3      | Found a runed translucent gate.
  2876 | D:3      | Found a runed translucent gate.
  2878 | D:3      | Noticed JhonaSan2K's ghost (weakling DsGl)
  3144 | D:4      | Reached skill level 8 in Polearms
  3149 | D:3      | Reached XP level 5. HP: 35/38 MP: 5/5
  3714 | D:4      | Reached skill level 9 in Polearms
  3951 | D:5      | Entered Level 5 of the Dungeon
  4012 | D:5      | Reached XP level 6. HP: 29/44 MP: 6/6
  4150 | D:5      | Found Beaty's Distillery.
  4153 | D:5      | Bought a potion of curing for 45 gold pieces
  4172 | D:5      | Reached skill level 10 in Polearms
  4372 | D:5      | Noticed an orc warrior
  4397 | D:5      | Slain by an orc warrior

Illustrated notes

Levels and vault maps discovered:
D:1:      dpeg_arrival_renting, layout_basic
D:2:      layout_loops_ring, basic_ecumenical_altar, serial_shops, shop_statue
D:3:      layout_loops_ring, gammafunk_ghost_necromancy, minmay_cut_off
D:4:      layout_gridville
D:5:      cheibrodos_fzero, layout_loops_corners, serial_shops,
          nicolae_shop_behind_doors, lexackson_kobold_supper, uniq_menkaure

Skill      XL: |  1  2  3  4  5  6 |
---------------+-------------------+-----
Polearms       | 5 6 7 8 9 10 | 10.5
Fighting       | |  2.1
Throwing       | |  2.0
Dodging        | |  4.0

Action                   |  1- 3 |  4- 6 || total
-------------------------+-------+-------++-------
Melee: Trident           |   105 |   119 ||   224
       Punch             |       |     1 ||     1
Throw: Throwing net      |     2 |     2 ||     4
  Use: Scroll            |     6 |     2 ||     8
       Potion            |       |     2 ||     2
 Stab: Sleeping          |     1 |       ||     1
Armor: Leather armour    |    17 |       ||    17
       Ring mail         |    14 |    32 ||    46
Dodge: Dodged            |    60 |    55 ||   115
